AoeStats
← oandg

Arena

507466641Analyzed
2v2 RM · 14d ago on Sep 18, 2026· 53m 8s· 4 players
Game mode
Random Map
Map size
Medium (4 player)
Population
200
Speed
Normal
Resources
Standard
Victory
Conquest
Starting age
Dark Age
Ending age
Imperial Age
RankedLock teamsTeams togetherTeam positionsShared explorationLock speedFull tech treeHidden civsTurbo modeCheats
Victory
Defeat
🇬🇧 Japanese · United Kingdom
486
+19
🇬🇧 Franks · United Kingdom
454
+20
🇩🇪 Saracens · Germany
586
-21
🇨🇳 Bulgarians · China
511
-18
oandg
10:49 Feudal Age
12:08 Double-Bit Axe
16:12 Castle Age
17:50 Wheelbarrow
23:18 Husbandry
24:13 Scale Barding Armor
29:54 Chain Barding Armor
31:51 Bow Saw
38:03 Hand Cart
40:50 Imperial Age
38:59 Forging
38:50 Scale Mail Armor
42:30 Chivalry
42:56 Conscription
42:14 Cavalier
46:18 Elite Throwing Axeman
48:06 Paladin
jack0_james
11:59 Feudal Age
13:15 Double-Bit Axe
14:54 Wheelbarrow
18:38 Castle Age
19:57 Wheelbarrow
21:06 Man-at-Arms
23:19 Long Swordsman
24:08 Horse Collar
24:39 Bow Saw
24:18 Gambesons
24:34 Squires
25:43 Forging
25:33 Scale Mail Armor
30:11 Hand Cart
31:13 Heavy Plow
37:55 Imperial Age
36:55 Iron Casting
36:20 Scale Mail Armor
39:50 Chemistry
39:12 Ballistics
39:16 Elite Samurai
40:20 Two-Handed Swordsman
40:21 Pikeman
41:27 Elite Samurai
44:23 Onager
45:46 Yasama
46:06 Kataparuto
50:20 Parthian Tactics
49:16 Heavy Cavalry Archer
52:42 Champion
Atzelander
0:28 Loom
20:21 Feudal Age
25:04 Man-at-Arms
25:31 Arson
25:28 Horse Collar
26:25 Wheelbarrow
25:36 Town Watch
25:48 Gold Mining
25:55 Double-Bit Axe
26:11 Stone Mining
31:49 Castle Age
31:04 Bloodlines
31:55 Pikeman
31:58 Long Swordsman
32:41 Squires
32:28 Gambesons
32:06 Crossbowman
33:07 Bow Saw
33:44 Thumb Ring
34:12 Heavy Plow
36:34 Husbandry
35:56 Light Cavalry
36:31 Treadmill Crane
37:12 Ballistics
36:43 Elite Skirmisher
39:37 Gold Shaft Mining
39:57 Murder Holes
43:24 Imperial Age
44:26 Conscription
43:28 Elite Mameluke
43:36 Elite Mameluke
47:00 Chemistry
46:28 Hussar
49:51 Caravan
52:40 Heavy Camel Rider
NooBskie
11:44 Feudal Age
19:34 Arson
20:19 Forging
20:15 Scale Mail Armor
22:59 Castle Age
33:59 Gold Mining
35:58 Ballistics
41:05 Imperial Age
51:27 Gambesons
51:48 Squires
Connection lost

Rejoining the realm…

Still unreachable

The connection could not be restored.

Session expired

The server has moved on; the page needs a fresh start.